 Dungeon Crawl Stone Soup version 0.29.1-15-g9cfb28693d (webtiles) character file.

Game seed: 11989979966423147483

360 hawla the Firebug (level 7, 0/55 HPs)
             Began as a Meteoran Fire Elementalist on Apr 5, 2023.
             Slain by an ogre
             ... wielding a +0 giant club
              (26 damage)
             ... on level 3 of the Dungeon.
             The game lasted 00:08:14 (1404 turns).

hawla the Firebug (Meteoran Fire Elementalist)      Turns: 1404, Time: 00:08:14

Health: 0/55       AC: 14    Str: 15    XL:     7   Next: 19%
Magic:  12/12      EV:  4    Int: 19    God:
Gold:   201        SH:  0    Dex: 15    Spells: 9/12 levels left

rFire   + . .      SeeInvis .   i - +0 rapier
rCold   + . .      Faith    .   (no shield)
rNeg    . . .      Spirit   .   d - +0 gold dragon scales
rPois   +          Reflect  .   n - +0 helmet
rElec   .          Harm     .   (no cloak)
rCorr   .          Rampage  .   (no gloves)
Will    .....                   (no boots)
Stlth   ..........              (no amulet)
HPRegen 0.18/turn               c - +4 ring of evasion
MPRegen 0.13/turn               k - +6 ring of strength

@: glowing
A: sense surroundings 1, otherworldly, glowing, explore regen
a: no special abilities


You were on level 3 of the Dungeon.
You visited 1 branch of the dungeon, and saw 3 of its levels.

You collected 201 gold pieces.

Inventory:

Hand Weapons
 i - a +0 rapier (weapon)
Armour
 d - +0 gold dragon scales (worn)
 n - a +0 helmet (worn)
Jewellery
 c - a +4 ring of evasion (left hand)
 g - a ring of fire
 k - a +6 ring of strength (right hand)
 m - a ring of ice
Scrolls
 a - a scroll of fog {unknown}
 e - 2 scrolls of identify
 f - 2 scrolls of fear {unknown}
 h - 2 scrolls of noise {unknown}
 j - 2 scrolls of teleportation {unknown}
 l - a scroll of enchant weapon {unknown}
Potions
 b - a potion of magic


   Skills:
 + Level 2.1 Fighting
 + Level 4.2 Short Blades
 + Level 3.1 Armour
 - Level 3.0 Dodging
 - Level 1.4 Stealth
 + Level 3.2 Spellcasting
 + Level 1.8 Conjurations
 + Level 4.7 Fire Magic


You had 9 spell levels left.
You knew the following spells:

 Your Spells              Type           Power      Damage    Failure   Level
a - Foxfire               Conj/Fire      60%        2x1d7     100%        1
b - Scorch                Fire           42%        2d7       100%        2

Your spell library contained the following spells:

 Spells                   Type           Power      Damage    Failure   Level
 Conjure Flame            Conj/Fire      15%        6-21      100%        3
 Inner Flame              Hex/Fire       12%        N/A       100%        3
 Flame Wave               Conj/Fire      15%        2d7       100%        4


Dungeon Overview and Level Annotations

Branches:
Dungeon (3/15) Zot: 388

Altars:
Dithmenos
Okawaru
Ru
Wu Jian


Innate Abilities, Weirdness & Mutations

You passively map a small area around you.
You are easily found by Zot.
You glow in the dark.
You regain HP and MP as you explore.


Message History

You hit the worm.
The worm is heavily wounded.
The worm bites you.
You hit the worm.
The worm is severely wounded.
You hit the worm.
You kill the worm!
No target in view!
You now have 196 gold pieces (gained 15).
There is a faded altar of an unknown god here.
You see here a scroll of immolation.
Found a leather armour.
Found a mace.
f - 2 scrolls labelled KOACERAMIOSM (gained 1)
You now have 201 gold pieces (gained 5).
You see here a +0 dagger.
A rat comes into view.
You see here a worm corpse.
The rat bites you but does no damage.
You hit the rat.
You kill the rat!
No target in view!
A jackal comes into view.
The jackal barks!
You hear a shout!
An ogre comes into view. It is wielding a +0 giant club.
There are monsters nearby!
The jackal bites you.
You hit the jackal.
You kill the jackal!
You see here a jackal corpse.
The ogre hits you with a +0 giant club!!
You hit the ogre.
The ogre is lightly wounded.
You hit the ogre but do no damage.
The ogre is lightly wounded.
The ogre hits you with a +0 giant club.
You hit the ogre.
The ogre is heavily wounded.
The ogre hits you with a +0 giant club!!
You die...

#...... , #....# , ,,,
#....#, , ,,, * *
###....#*.#, , * ,
......###.# * *
......#...# , * *
...>....#.# , ########*
..........#.####....#.#
.......#..#....O@†..#.#
...[...##.#....####.#.#
.......# #######....#.#
.......####.........#.#
..........#.†..######.#
.........##.#####..##.##
......<#.).........##..#
.###......#..#..)....#.#
.............#.###.#...#


You could see an ogre.

Vanquished Creatures
  Grinder (D:3)
  Jessica (D:3)
  An orc wizard (D:3)
  Robin (D:2)
  4 adders
  A worm (D:3)
  2 dart slugs (D:3)
  3 orcs (D:3)
  3 endoplasms
  4 giant cockroaches
  5 goblins
  8 hobgoblins
  A jackal (D:3)
  3 kobolds
  A quokka (D:2)
  4 ball pythons
  4 bats
  A frilled lizard (D:2)
  4 rats
52 creatures vanquished.

Vanquished Creatures (others)
  23 foxfires
23 creatures vanquished.

Grand Total: 75 creatures vanquished

Notes
Turn   | Place    | Note
-------+----------+-------------------------------------------
     0 | D:1      | hawla the Meteoran Fire Elementalist began the quest for
                  | the Orb.
     0 | D:1      | Reached XP level 1. HP: 14/14 MP: 5/5
    60 | D:1      | Reached XP level 2. HP: 16/20 MP: 3/6
    98 | D:2      | Learned a level 2 spell: Scorch
   387 | D:2      | Reached XP level 3. HP: 23/26 MP: 8/8
   526 | D:3      | Noticed Jessica
   526 | D:3      | Noticed Robin
   554 | D:2      | Killed Robin
   555 | D:2      | Reached skill level 1 in Armour
   676 | D:2      | Reached XP level 4. HP: 25/33 MP: 9/9
   889 | D:2      | Reached skill level 1 in Short Blades
   967 | D:3      | Noticed Grinder
   973 | D:3      | Paralysed by Grinder for 3 turns
  1004 | D:3      | Paralysed by Grinder for 3 turns
  1011 | D:3      | HP: 2/51 [Grinder (3)]
  1012 | D:3      | Killed Grinder
  1013 | D:3      | Reached skill level 1 in Fighting
  1013 | D:3      | Reached XP level 5. HP: 3/41 MP: 6/10
  1013 | D:3      | Reached XP level 6. HP: 3/48 MP: 6/11
  1038 | D:3      | Found a faded altar of an unknown god.
  1062 | D:3      | HP: 2/48 [orc wizard/magic dart (4)]
  1132 | D:3      | Reached XP level 7. HP: 16/55 MP: 12/12
  1230 | D:3      | Killed Jessica
  1233 | D:3      | Found an iron altar of Okawaru.
  1242 | D:3      | Found a shadowy altar of Dithmenos.
  1242 | D:3      | Found a sacrificial altar of Ru.
  1242 | D:3      | Found an ornate altar of the Wu Jian Council.
  1404 | D:3      | Slain by an ogre

Illustrated notes

Levels and vault maps discovered:
D:1:      co_arrival_random_square_maze, layout_loops_ring
D:2:      layout_basic
D:3:      minmay_angry_zag, layout_rooms, grunt_temple_overflow_open,
          hellmonk_ecumenical_altar_blasted, uniq_jessica, uniq_robin,
          uniq_grinder

Skill      XL: |  1  2  3  4  5  6  7 |
---------------+----------------------+-----
Fire Magic     | 4 |  4.7
Armour         | 1 2 3 |  3.1
Short Blades   | 3 4 |  4.2
Fighting       | 1 2 |  2.1
Dodging        | 3 |  3.0
Spellcasting   | 3 |  3.2
Stealth        | |  1.4
Conjurations   | |  1.8

Action                   |  1- 3 |  4- 6 |  7- 9 || total
-------------------------+-------+-------+-------++-------
Melee: Unarmed           |    43 |       |       ||    43
       Rapier            |    83 |   117 |    47 ||   247
       Punch             |     2 |     4 |     2 ||     8
 Cast: Foxfire           |    11 |     3 |       ||    14
       Scorch            |       |     1 |       ||     1
  Use: Potion            |       |     4 |       ||     4
       Scroll            |       |     1 |       ||     1
Armor: Gold dragon scale |   148 |   165 |    21 ||   334
       Skin              |       |    33 |       ||    33
Dodge: Dodged            |    12 |     9 |     6 ||    27
